 Dungeon Crawl Stone Soup version 0.31-a0-95-g6fa058ef04 (webtiles) character file.

Game seed: 3693801849941022133

114 dohliylev the Ruffian (level 4, 0/42 HPs)
             Began as a Troll Warper on May 25, 2023.
             Slain by an orc
             ... wielding a +0 flail
              (3 damage)
             ... on level 2 of the Dungeon.
             The game lasted 00:02:40 (1325 turns).

dohliylev the Ruffian (Troll Warper)                Turns: 1325, Time: 00:02:40

Health: 0/42       AC:  4    Str: 21    XL:     4   Next: 66%
Magic:  5/5        EV: 10    Int:  9    God:
Gold:   123        SH:  0    Dex:  9    Spells: 5/5 levels left

rFire   + .          .
                       - Unarmed
rCold   x . .        (no shield)
rNeg    . . .        a - +0 robe
rPois   .            (helmet restricted)
rElec   .            (no cloak)
rCorr   .            (gloves unavailable)
SInv    .            (boots unavailable)
Will    .....        (no amulet)
Stlth   +            f - ring of fire
HPRegen 1.07/turn    (no ring)
MPRegen 0.09/turn

%: no passive effects
@: no status effects
A: large, unfitting armour, claws 3, regeneration 1, shaggy fur 1, tough skin 1
a: no special abilities


You were on level 2 of the Dungeon.
You visited 1 branch of the dungeon, and saw 2 of its levels.

You collected 123 gold pieces.

Inventory:

Missiles
 c - 7 boomerangs of dispersal (quivered)
Armour
 a - a +0 robe (worn)
Jewellery
 f - a ring of fire (left claw)
Scrolls
 b - a scroll of blinking
 d - a scroll of enchant weapon {unknown}
 h - a scroll of butterflies {unknown}
 i - a scroll of teleportation {unknown}
Potions
 e - a potion of brilliance {unknown}
 g - a potion of attraction {unknown}


   Skills:
 + Level 1.8 Fighting
 + Level 0.8 Throwing
 + Level 2.7 Dodging
 + Level 3.4 Unarmed Combat
 + Level 1.4 Spellcasting
 + Level 2.5 Translocations


You had 5 spell levels left.
You didn't know any spells.
Your spell library contained the following spells:

 Spells                   Type           Power      Damage    Failure   Level
 Blink                    Tloc           10%        N/A       19%         2
 Lesser Beckoning         Tloc           10%        N/A       19%         2
 Teleport Other           Tloc           5%         N/A       36%         3
 Vhi's Electric Charge    Tloc/Air       4%         N/A       56%         3
 Ignite Poison            Fire/Tmut/Pois 0%         N/A       75%         3
 Manifold Assault         Tloc           5%         N/A       77%         4
 Sticky Flame             Conj/Fire      0%         2d3       98%         4
 Ignition                 Fire           0%         3d3       100%        8


Dungeon Overview and Level Annotations

Branches:
Dungeon (2/15)

Altars:


Innate Abilities, Weirdness & Mutations

You are too large for most types of armour.
You have claws for hands.
Your natural rate of healing is unusually fast.
You are covered in fur. (AC +1)
You have tough skin. (AC +1)


Message History

You scratch the jackal.
The jackal is severely wounded.
The jackal barely misses you. The orc barely misses you.
You scratch the jackal.
You kill the jackal!
The orc barely misses you.
You barely miss the goblin. You claw the goblin!
You kill the goblin!
The orc throws a boomerang.
The boomerang hits you. The orc barely misses you. The orc barely misses you.
The orc hits you with a +2 trident of protection.
Things that are here:
a +0 club; a +0 whip; an orc corpse You barely miss the orc.
The orc barely misses you. The orc closely misses you.
You scratch the orc.
The orc is lightly wounded.
The orc hits you with a +0 flail.
The orc hits you with a +2 trident of protection.
You scratch the orc.
The orc is heavily wounded.
The orc barely misses you. x2
You closely miss the orc.
The orc is heavily wounded.
The orc hits you but does no damage.
The orc hits you with a +2 trident of protection.
You scratch the orc but do no damage.
The orc is heavily wounded.
The orc hits you with a +0 flail!
* * * LOW HITPOINT WARNING * * *
The orc hits you with a +2 trident of protection.
* * * LOW HITPOINT WARNING * * *
You scratch the orc.
You kill the orc!
The orc hits you with a +0 flail.
* * * LOW HITPOINT WARNING * * *
You barely miss the orc.
The orc is lightly wounded.
The orc hits you with a +0 flail.
You die...

#. #.
#####.#####
#...>.....
........
..... #)o#
#@# #.# #.#
#.# #.##
#..# ##.#
#># #.#


You could see an orc.

Vanquished Creatures
  An orc priest (D:2)
  4 adders (D:2)
  2 worms (D:2)
  2 dart slugs (D:1)
  An orc (D:2)
  2 endoplasms
  5 goblins
  2 hobgoblins
  4 jackals
  A kobold (D:1)
  A quokka (D:1)
  A ball python (D:1)
  7 bats
  3 frilled lizards
  3 rats (D:1)
39 creatures vanquished.

Notes
Turn   | Place    | Note
-------+----------+-------------------------------------------
     0 | D:1      | dohliylev the Troll Warper began the quest for the Orb.
     0 | D:1      | Reached XP level 1. HP: 19/19 MP: 1/1
   258 | D:1      | Reached XP level 2. HP: 27/27 MP: 3/3
   943 | D:1      | Reached XP level 3. HP: 34/35 MP: 4/4
  1120 | D:2      | Reached skill level 3 in Unarmed Combat
  1174 | D:2      | Reached XP level 4. HP: 42/42 MP: 5/5
  1324 | D:2      | HP: 2/42 [orc/+0 flail (3)]
  1325 | D:2      | Slain by an orc

Illustrated notes

Levels and vault maps discovered:
D:1:      dpeg_arrival_radiant, layout_basic, minmay_pentomino_z4
D:2:      layout_rooms, hellmonk_ecumenical_altar_defaced_shrine

Skill      XL: |  1  2  3 |
---------------+----------+-----
Dodging        | 2 |  2.7
Unarmed Combat | 3 |  3.4
Fighting       | |  1.8
Throwing       | |  0.8
Spellcasting   | |  1.4
Translocations | |  2.5

Action                     |  1- 3 |  4- 6 || total
---------------------------+-------+-------++-------
  Melee: Unarmed           |   102 |    26 ||   128
         Punch             |     2 |       ||     2
   Stab: Sleeping          |     1 |       ||     1
 Armour: Robe              |    40 |     6 ||    46
  Dodge: Dodged            |    63 |    16 ||    79

Table legend: (Time is in decaauts)
 A = Elapsed time spent in this place.
 B = Non-inter-level travel time spent in this place.
 C = Inter-level travel time spent in this place.
 D = Time resting spent in this place.
 E = Time spent auto-exploring this place.
 F = Levels seen in this place.
 G = Mean time per level.
                   A        B        C        D        E       F      G
               +--------+--------+--------+--------+--------+-----+--------+
         Total |   1317 |   1272 |     45 |      0 |   1023 |   2 |  658.5 |
       Dungeon |   1317 |   1272 |     45 |      0 |   1023 |   2 |  658.5 |
               +--------+--------+--------+--------+--------+-----+--------+

Top non-repeatable levels by time:
     D:1: 1060 daAuts
     D:2: 256 daAuts
